 Dungeon Crawl Stone Soup version 0.29-a0-872-g797fff5ad1 (webtiles) character file.

Game seed: 8711479291470219523

626016 Johnny the Shatterer (level 26, -13/297 HPs)
             Began as a Troll Berserker on June 22, 2022.
             Was a High Priest of Trog.
             Killed from afar by a Killer Klown (37 damage)
             ... with a klown pie
             ... on level 5 of the Realm of Zot on July 18, 2022.
             The game lasted 01:55:01 (71961 turns).

Johnny the Shatterer (Troll Berserker)             Turns: 71961, Time: 01:55:01

Health: -13/297    AC: 29    Str: 35 (42) XL:     26   Next: 65%
Magic:  0/22       EV:  5    Int: -1 (9)  God:    Trog [*****.]
Gold:   3497       SH:  0    Dex:  3 (9)  Spells: 25/25 levels left

rFire   . . .      SeeInvis .   o - +2 giant spiked club of Dividends {vorpal, Will+ rCorr Str+2}
rCold   + + .      Faith    .   (shield currently unavailable)
rNeg    + . .      Spirit   +   u - +9 pearl dragon scales
rPois   +          Reflect  .   R - +1 hat of Grot {rPois}
rElec   +          Harm     .   S - scarf {rC+ rF+}
rCorr   +          Rampage  .   (gloves unavailable)
Will    ++...                   (boots unavailable)
Stlth   +.........              x - amulet of guardian spirit
HPRegen 1.39/turn               j - +6 ring of intelligence
MPRegen 0.18/turn               e - ring "Janoicus" {rElec rPois rC+ rCorr}

@: silenced, fire vulnerable, vertiginous, on berserk cooldown, slowed, lost
intelligence, studying 2 skills, unable to read, very slow
A: large, unfitting armour, claws 3, regeneration 1, shaggy fur 1, tough skin 1,
hooves 1, mutation resistance 1, noise suppression
}: 4/15 runes: decaying, slimy, silver, gossamer
a: Renounce Religion


You were on level 5 of the Realm of Zot.
You worshipped Trog.
Trog was extremely pleased with you.
You visited 12 branches of the dungeon, and saw 56 of its levels.
You visited 1 bazaar.
You also visited: Sewer, Ossuary, Bailey, Gauntlet and Ice Cave.

You collected 7921 gold pieces.
You spent 4424 gold pieces at shops.

Inventory:

Hand Weapons
 o - the +2 giant spiked club of Dividends (weapon) {vorpal, Will+ rCorr Str+2}
   (Trog gifted it to you on level 2 of the Orcish Mines)

   It inflicts extra damage upon your enemies.
   Str:       It affects your strength (+2).
   rCorr:     It protects you from acid and corrosion.
   Will:      It increases your willpower.
Missiles
 U - 3 throwing nets
 Z - 114 large rocks (quivered)
Armour
 u - +9 pearl dragon scales (worn)
 R - the +1 hat of Grot (worn) {rPois}
   (You found it in a Gauntlet)

   rPois:     It protects you from poison.
 S - a scarf of resistance (worn)
Jewellery
 a - a +6 ring of strength
 c - the amulet "Hafob" {Reflect rF+ rC+ Str-2 SH+5}
   (You found it on level 3 of the Vaults)

   [amulet of reflection]

   It reflects blocked missile attacks.
   Str:       It affects your strength (-2).
   rF:        It protects you from fire.
   rC:        It protects you from cold.
   SH:        It affects your SH (+5).
 e - the ring "Janoicus" (right claw) {rElec rPois rC+ rCorr}
   (You acquired it on level 13 of the Dungeon)

   [ring of resist corrosion]

   rC:        It protects you from cold.
   rElec:     It insulates you from electricity.
   rPois:     It protects you from poison.
   rCorr:     It protects you from acid and corrosion.
 h - an amulet of regeneration
 j - a +6 ring of intelligence (left claw)
 r - a ring of positive energy
 x - an amulet of guardian spirit (around neck)
 K - a +6 ring of intelligence
 L - an amulet of magic regeneration
Wands
 E - a wand of digging (21)
 H - a wand of quicksilver (3)
 J - a wand of iceblast (19)
 V - a wand of paralysis (26)
Scrolls
 b - a scroll of blinking
 n - 4 scrolls of noise
 t - 5 scrolls of fear
 v - 12 scrolls of magic mapping
 y - 8 scrolls of immolation
 C - 12 scrolls of vulnerability
 G - 4 scrolls of silence
 I - 5 scrolls of fog
 M - 6 scrolls of poison
 Y - 4 scrolls of torment
Potions
 g - 2 potions of heal wounds
 i - 8 potions of magic
 k - 12 potions of lignification
 l - 15 potions of flight
 m - 23 potions of curing
 q - 13 potions of ambrosia
 s - 9 potions of brilliance
 w - 7 potions of haste
 A - 5 potions of resistance
 B - 10 potions of might
 D - 12 potions of attraction
 F - 12 potions of mutation
 Q - 2 potions of berserk rage
Miscellaneous
 d - a phial of floods
 f - a box of beasts
 z - a phantom mirror
 N - a condenser vane
 W - a lightning rod (4/4)
 X - a phantom mirror


   Skills:
 + Level 23.4 Fighting
 - Level 24.1 Maces & Flails
 + Level 16.6 Armour
 + Level 16.7 Dodging
 - Level 9.2 Stealth
 - Level 12.1 Evocations


You had 25 spell levels left.
You didn't know any spells.
Your spell library contained the following spells:

 Spells                   Type           Power      Damage    Failure   Level
 Apportation              Tloc           0%         N/A       87%         1
 Beastly Appendage        Tmut           0%         N/A       87%         1
 Foxfire                  Conj/Fire      0%         2x1d4     87%         1
 Magic Dart               Conj           0%         1d3       87%         1
 Necrotise                Necr           0%         1d4       87%         1
 Sandblast                Erth           0%         2d4       87%         1
 Shock                    Conj/Air       0%         1d3       87%         1
 Slow                     Hex            0%         N/A       87%         1
 Sting                    Tmut/Pois      0%         1d3       87%         1
 Summon Small Mammal      Summ           0%         N/A       87%         1
 Passwall                 Tmut/Erth      0%         N/A       95%         2
 Poisonous Vapours        Pois/Air       0%         N/A       95%         2
 Scorch                   Fire           0%         2d5       95%         2
 Static Discharge         Conj/Air       0%         3-3/arc   95%         2
 Wereblood                Tmut           0%         N/A       95%         2
 Confusing Touch          Hex            0%         N/A       99%         3
 Conjure Flame            Conj/Fire      0%         6-21      99%         3
 Gell's Gravitas          Tloc           0%         N/A       99%         3
 Ignite Poison            Fire/Tmut/Pois 0%         N/A       99%         3
 Inner Flame              Hex/Fire       0%         N/A       99%         3
 Lesser Beckoning         Tloc           0%         N/A       99%         3
 Mephitic Cloud           Conj/Pois/Air  0%         N/A       99%         3
 Ozocubu's Armour         Ice            0%         N/A       99%         3
 Portal Projectile        Hex/Tloc       0%         N/A       99%         3
 Spider Form              Tmut/Pois      0%         N/A       99%         3
 Stone Arrow              Conj/Erth      0%         3d7       99%         3
 Swiftness                Air            0%         N/A       99%         3
 Teleport Other           Tloc           0%         N/A       99%         3
 Vampiric Draining        Necr           0%         2d6       99%         3
 Airstrike                Air            0%         0-1+      100%        4
 Anguish                  Hex/Necr       0%         N/A       100%        4
 Animate Armour           Summ/Erth      0%         N/A       100%        4
 Cause Fear               Hex            0%         N/A       100%        4
 Corpse Rot               Necr/Pois/Air  0%         N/A       100%        4
 Dispel Undead            Necr           0%         3d6       100%        4
 Flame Wave               Conj/Fire      0%         2d4       100%        4
 Fulminant Prism          Conj/Hex       0%         3d6       100%        4
 Iskenderun's Mystic Bla  Conj/Tloc      0%         2d3       100%        4
 Olgreb's Toxic Radiance  Pois           0%         N/A       100%        4
 Passage of Golubria      Tloc           0%         N/A       100%        4
 Sticky Flame             Conj/Fire      0%         2d3       100%        4
 Summon Lightning Spire   Summ/Air       0%         N/A       100%        4
 Alistair's Intoxication  Tmut/Pois      0%         N/A       100%        5
 Blade Hands              Tmut           0%         N/A       100%        5
 Borgnjor's Vile Clutch   Necr/Erth      0%         N/A       100%        5
 Fireball                 Conj/Fire      0%         3d3       100%        5
 Freezing Cloud           Conj/Ice/Air   0%         6-21      100%        5
 Irradiate                Conj/Tmut      0%         3d11      100%        5
 Iskenderun's Battlesphe  Conj           0%         2d6       100%        5
 Lee's Rapid Deconstruct  Erth           0%         3d5*      100%        5
 Lightning Bolt           Conj/Air       0%         1d11      100%        5
 Silence                  Hex/Air        0%         N/A       100%        5
 Summon Forest            Summ/Tloc      0%         N/A       100%        5
 Yara's Violent Unravell  Hex/Tmut       0%         3d3       100%        5
 Conjure Ball Lightning   Conj/Air       0%         3x3d6     100%        6
 Death Channel            Necr           0%         N/A       100%        6
 Dispersal                Tloc           0%         N/A       100%        6
 Eringya's Noxious Bog    Tmut/Pois      0%         N/A       100%        6
 Iron Shot                Conj/Erth      0%         9d1       100%        6
 Summon Cactus Giant      Summ           0%         N/A       100%        6
 Dragon Form              Tmut           0%         N/A       100%        7
 Enfeeble                 Hex            0%         N/A       100%        7
 Orb of Destruction       Conj           0%         9d5       100%        7
 Ozocubu's Refrigeration  Ice            0%         4d5       100%        7
 Storm Form               Tmut/Air       0%         N/A       100%        7
 Summon Hydra             Summ           0%         N/A       100%        7
 Discord                  Hex            0%         N/A       100%        8
 Disjunction              Tloc           0%         N/A       100%        8
 Lehudib's Crystal Spear  Conj/Erth      0%         10d2      100%        8
 Maxwell's Capacitive Co  Air            0%         ∞         100%        8
 Chain Lightning          Conj/Air       0%         N/A       100%        9
 Dragon's Call            Summ           0%         N/A       100%        9
 Fire Storm               Conj/Fire      0%         5d1       100%        9
 Shatter                  Erth           0%         3d5*      100%        9


Dungeon Overview and Level Annotations

Branches:
Dungeon (15/15)            Temple (0/1) D:6            Lair (6/6) D:11
  Swamp (4/4) Lair:2       Spider (4/4) Lair:4        Slime (5/5) Lair:5
    Orc (2/2) D:11            Elf (3/3) Orc:2        Vaults (5/5) D:13
  Crypt (2/3) Vaults:2     Depths (4/4) D:15           Hell (visited)
    Zot (5/5) Depths:4      Sewer (visited)         Ossuary (visited)
 Bailey (visited)           IceCv (visited)         Gauntlet (visited)
    Dis: Hell:1         Geh: Hell:1         Coc: Hell:1         Tar: Hell:1

Altars:
Ashenzari
Dithmenos
Elyvilon
Fedhas
Hepliaklqana
Kikubaaqudgha
Qazlal
Ru
Sif Muna
Vehumet
Wu Jian
Xom
Yredelemnul
The Shining One
Jiyva

Shops:
D:9 ?   D:11 ([   D:12 =   D:13 ?   Orc:2 =([**!   Elf:3 *   Vaults:3 :
Depths:3 :=:

Portals:
Hell: Depths:1 Depths:2 Depths:3 Depths:4
Abyss: D:15 Depths:3
Pandemonium: Depths:2 Depths:3 Depths:4
Ziggurat: Depths:1

Annotations:
D:9 exclusion: statue
D:15 2 transporters, Omyecom's ghost, journeyman DsFi
Crypt:2 Khufu
Hell Geryon


Innate Abilities, Weirdness & Mutations

You are too large for most types of armour.
You have claws for hands.
Your natural rate of healing is unusually fast.
You are covered in fur. (AC +1)
You have tough skin. (AC +1)
You have large cloven feet.
You are somewhat resistant to further mutation.
You passively dampen the noise of your surroundings.


Message History

You feel very sick.
The Killer Klown teases you with a +11 club of venom!
* * * LOW HITPOINT WARNING * * *
You can move again.
Unknown command.
Unknown command.
Unknown command.
Unknown command.
Unknown command.
Unknown command.
Unknown command.
Unknown command.
Unknown command.
Unknown command.
Unknown command.
Unknown command.
Unknown command.
Unknown command.
Unknown command.
Unknown command.
Unknown command.
Unknown command.
Unknown command.
Unknown command.
Unknown command.
You are too confused!
Unknown command.
You feel better.
You feel less invigorated.
The Killer Klown blinks!
The Killer Klown pies you viciously! The klown pie hits you!!
Cherry!
You feel your vulnerability to fire will last longer.
* * * LOW HITPOINT WARNING * * *
You cannot read scrolls in your current state!
Unknown command.
Okay, then.
Okay, then.
You feel much better. The Killer Klown pies you viciously!
The klown pie hits you!!!
Blueberry!
An unnatural silence engulfs you.
You die...

.....................▓,,,,,,,,,,,
.............p...^.X.▓*,,,,,,,,,*
^,,^............^X...▓**,,,,,,,**
,,,.......9...*......# *********
,,,..............p..#*
,,,.........^....§▓**
,,,,,,,,,,.....▓▓▓▓
*,,,,.##▓▓▓▓▓▓▓▓▓▓▓#
,,,,,.....^...dp@..###
,,,,,........).##§...## #
,,,,,.........))###...###########
,,,,,............###.............
,,,,,............# ##.p....^.....
,^,,,............# #............
,,,,,...........^# ##...........
,,,,,............# #...........
,,,,,^........^..# ##...........


You could see 2 Killer Klowns and a purple draconian.

Vanquished Creatures
  the Royal Jelly (Slime:5)
  4 dread liches
  2 ancient liches (Zot:5)
  A juggernaut (Depths:4)
  A royal mummy (Crypt:2)
  Saint Roka (Orc:2)
  Margery (Crypt:1)
  the Lernaean hydra (Swamp:4)
  2 Killer Klowns (Zot:5)
  Xtahua (Crypt:1)
  Jory (Crypt:1)
  16 golden dragons
  2 electric golems
  Jorgrun (Spider:3)
  16 tentacled monstrosities
  3 liches
  The ghost of aIck the Warrior, an adept HuAr of Nemelex Xobeh (Spider:2)
  5 deep elf blademasters
  10 Orb Guardians (Zot:5)
  Asterion (Elf:2)
  9 titans
  Mlioglotl (Swamp:3)
  6 quicksilver dragons
  An ancient champion (Crypt:1)
  19 acid blobs
  3 deep elf master archers (Elf:3)
  4 death cobs
  A sphinx (Vaults:2)
  12 storm dragons
  10 shadow dragons
  9 tengu reavers
  6 azure jellies
  6 draconian monks
  3 revenants
  7 draconian knights
  17 rockslimes
  Aizul (Vaults:1)
  5 fire giants
  An iron dragon (Depths:4)
  19 vault wardens
  10 deep elf sorcerers
  4 draconian scorchers
  14 frost giants
  7 ghost moths
  3 emperor scorpions
  Louise (Swamp:2)
  4 orc warlords
  A curse skull (Crypt:2)
  2 draconian stormcallers (Zot:2)
  6 deep elf elementalists
  9 draconian shifters
  13 quicksilver oozes
  A spriggan defender (Depths:2)
  10 draconian annihilators
  15 ironbound preservers
  24 very ugly things
  2 ghouls (Crypt:2)
  5 apis
  5 war gargoyles
  2 reapers
  19 stone giants
  8 ironbound thunderhulks
  16 green draconians
  8 deep elf demonologists
  5 eleionomae
  19 black draconians
  11 white draconians
  14 red draconians
  A minotaur (Gauntlet)
  10 dire elephants
  An entropy weaver (Spider:2)
  6 vampire knights
  3 bunyips
  5 yellow draconians
  12 spark wasps
  9 purple draconians
  11 deep elf annihilators
  14 jiangshi
  3 crystal guardians
  13 yaktaur captains
  12 deep elf death magi
  2 eidola (Crypt:2)
  Josephine (Orc:1)
  16 ettins
  A blizzard demon (Depths:4)
  A merfolk impaler (Depths:1)
  9 fire dragons
  24 hydras
  10 deep elf high priests
  7 rakshasas
  4 peacekeepers
  38 vault guards
  12 great orbs of eyes
  3 ice dragons
  3 radroaches
  3 ghost crabs
  5 boulder beetles
  2 ogre magi
  A catoblepas (Lair:6)
  A hell beast (Depths:4)
  Harold (D:10)
  20 centaur warriors
  4 ironbound frosthearts
  3 spriggan air magi
  3 death knights
  8 alligators
  12 two-headed ogres
  An anaconda (Lair:6)
  24 dancing weapons
  6 deep troll shamans
  An orc high priest (Elf:3)
  2 deep troll earth magi
  A hell hog (Depths:4)
  6 tengu warriors
  5 vampire magi
  21 hell knights
  5 spriggan berserkers
  Urug (D:10)
  15 deep elf knights
  2 soul eaters
  Amaemon (D:11)
  A titan skeleton (Depths:3)
  3 shadow wraiths (Crypt:2)
  4 iron trolls
  3 sun moths (Spider:4)
  5 skeletal warriors (Crypt:2)
  A sea snake (shapeshifter) (Vaults:1)
  5 goliath frogs
  4 steelbarb worms
  4 glowing orange brains
  3 pharaoh ants
  A deep troll (shapeshifter) (Depths:2)
  8 orb spiders
  2 spriggan druids (Swamp:4)
  5 flayed ghosts
  28 ironbound convokers
  51 deep trolls
  9 swamp dragons
  6 deep elf archers
  16 lindwurms
  A golden dragon skeleton (Depths:3)
  10 wizards
  8 phantasmal warriors
  5 bog bodies
  A harpy (shapeshifter) (Vaults:5)
  34 deep elf pyromancers
  11 orc knights
  6 necromancers
  7 harpies
  An oklob plant (Lair:5)
  A mana viper (shapeshifter) (Vaults:5)
  6 orc sorcerers (Orc:2)
  4 manticores
  14 deep elf zephyrmancers
  10 cyclopes
  16 wolf spiders
  2 shining eyes
  5 will-o-the-wisps
  A shadow dragon skeleton (Depths:3)
  A frost giant skeleton (Crypt:1)
  A rust devil (Depths:3)
  59 ugly things
  A dire elephant zombie (Crypt:1)
  6 elephants (Lair:5)
  19 moths of wrath
  6 black mambas
  An ice statue (IceCv)
  17 vault sentinels
  A centaur skeleton (D:12)
  Joseph (D:8)
  4 molten gargoyles (Elf:1)
  An orange demon (D:11)
  4 torpor snails
  An eye of devastation (Slime:5)
  A hellion (Depths:3)
  A gargoyle (D:13)
  A yellow draconian zombie (Crypt:1)
  12 cane toads
  3 rime drakes
  3 demonic crawlers
  13 komodo dragons
  7 freezing wraiths
  An efreet (Zot:1)
  6 kobold demonologists
  18 yaktaurs
  A hellwing (Depths:2)
  Psyche (D:9)
  6 ice devils
  A white draconian skeleton (Crypt:1)
  A golden dragon simulacrum (Depths:3)
  10 trolls
  2 tengu conjurers
  10 polar bears
  18 hornets
  9 tyrant leeches
  A troll (shapeshifter) (Depths:3)
  9 meliai
  18 blink frogs
  A raiju (shapeshifter) (Vaults:4)
  26 tarantellas
  11 dream sheep
  141 slime creatures
  A dream sheep (shapeshifter) (Depths:2)
  13 water elementals
  A centaur simulacrum (D:12)
  28 jumping spiders
  31 yaks
  A ynoxinul (Depths:3)
  2 shadows
  26 spriggans
  8 wraiths
  19 culicivoras
  6 air elementals
  3 vampires (Vaults:2)
  4 wyverns (D:11)
  26 fire elementals
  3 fire bats (Elf:1)
  6 golden eyes
  4 basilisks
  9 vampire mosquitoes
  2 death yak simulacra (IceCv)
  43 redbacks
  2 steam dragons (D:9)
  A neqoxec (Depths:3)
  2 large abominations (Gauntlet)
  14 swamp worms
  2 acid dragons
  A floating eye (Depths:4)
  21 water moccasins
  A floating eye (shapeshifter) (Vaults:5)
  10 swamp drakes
  2 ice beasts
  4 small abominations (Gauntlet)
  A sky beast (D:7)
  An elephant zombie (Crypt:1)
  36 orc warriors
  4 black bears (Lair:6)
  31 wolves
  9 ogres
  7 boggarts
  A golden eye zombie (Crypt:2)
  A phantom (D:5)
  13 centaurs
  A blink frog skeleton (Crypt:2)
  2 kobold brigands
  Blork the orc (D:4)
  3 elf zombies (Ossuary)
  An earth elemental (Elf:1)
  11 bullfrogs
  3 cane toad simulacra (IceCv)
  A gnoll sergeant (D:8)
  4 scorpions
  4 two-headed ogre simulacra (IceCv)
  3 necrophages
  A polar bear zombie (Crypt:1)
  An elephant simulacrum (IceCv)
  8 killer bees (D:8)
  3 howler monkeys
  7 electric eels
  3 bullfrog zombies (D:6)
  5 centaur zombies
  A jelly (D:6)
  A human zombie (Ossuary)
  3 lava snakes
  3 gnoll boudas (D:5)
  5 hounds
  22 orc priests
  A bullfrog skeleton (D:12)
  A human skeleton (Crypt:1)
  2 polar bear simulacra (IceCv)
  8 hell rats (Lair:5)
  41 orc wizards
  6 spriggan simulacra (IceCv)
  10 troll simulacra (IceCv)
  A killer bee zombie (D:6)
  2 wolf simulacra (IceCv)
  A tengu skeleton (Crypt:2)
  An acid dragon skeleton (Crypt:1)
  A hound zombie (Ossuary)
  3 mummies (Ossuary)
  27 gnolls
  9 river rats
  5 adders
  2 naga simulacra (IceCv)
  A shadow imp (D:7)
  8 white imps (IceCv)
  4 ufetubi
  7 adder zombies (Ossuary)
  3 worms
  3 dart slugs
  108 orcs
  4 ball pythons
  5 bats
  5 endoplasms
  5 giant cockroaches
  8 goblins
  6 hobgoblins
  25 jackals
  3 quokkas
  3 frilled lizards
  2 gnoll zombies (Ossuary)
  A goblin zombie (Ossuary)
  4 hobgoblin zombies (Ossuary)
  4 jackal zombies (Ossuary)
  28 kobolds
  6 kobold zombies (Ossuary)
  6 quokka zombies
  9 rats
  3 rat zombies
  A spectral goblin (D:11)
2471 creatures vanquished.

Vanquished Creatures (collateral kills)
  A royal mummy (Crypt:2)
  A golden dragon (Vaults:5)
  A titan (Vaults:5)
  2 tengu reavers (Vaults:1)
  An emperor scorpion (Spider:4)
  A deep elf sorcerer (Elf:3)
  A vault warden (Vaults:5)
  A war gargoyle (Vaults:5)
  A deep elf demonologist (Vaults:5)
  2 ettins (Vaults:5)
  A deep elf death mage (Vaults:5)
  A deep elf high priest (Vaults:5)
  2 vault guards (Vaults:5)
  A radroach (Spider:4)
  An orb spider (Spider:4)
  3 deep trolls (Vaults:5)
  2 orc knights (Vaults:5)
  2 phantasmal warriors
  A wolf spider (Spider:2)
  2 vault sentinels
  2 hornets (Spider:4)
  5 slime creatures
  4 jumping spiders
  An air elemental (Elf:3)
  3 culicivoras
  A wraith (D:12)
  A fire elemental (Zot:1)
  6 redbacks
  2 orc warriors (Vaults:5)
  7 killer bees (D:8)
  An orc wizard (Vaults:5)
  3 gnolls (D:5)
  4 orcs
68 creatures vanquished.

Vanquished Creatures (others)
  A vault guard (Vaults:5)
  A dancing weapon (Elf:2)
  An orb spider (Spider:4)
  A wizard (Vaults:3)
  A moth of wrath (Zot:3)
  A bloated husk (Swamp:4)
  A water elemental (D:14)
  A wraith (Crypt:1)
  A quokka (D:15)
  A demonic plant (Gauntlet)
  20 foxfires
  36 fungi
  82 plants
148 creatures vanquished.

Grand Total: 2687 creatures vanquished

Notes
Turn   | Place    | Note
-------+----------+-------------------------------------------
     0 | D:1      | Johnny the Troll Berserker began the quest for the Orb.
     0 | D:1      | Reached XP level 1. HP: 22/22 MP: 0/0
   144 | D:1      | Reached skill level 3 in Maces & Flails
   149 | D:1      | Reached XP level 2. HP: 27/29 MP: 1/1
  1048 | D:2      | Reached XP level 3. HP: 17/36 MP: 2/2
  1341 | D:2      | Found a shimmering altar of Xom.
  1374 | D:2      | Reached ** piety under Trog
  1396 | D:2      | Reached skill level 4 in Maces & Flails
  1514 | D:2      | Reached XP level 4. HP: 40/45 MP: 3/3
  2406 | D:3      | Identified the +6 long sword "Kewaoc" {flame, rF+ rC++
                  | Str+3 Dex+2}
  2749 | D:4      | Found a broken altar of Ashenzari.
  2887 | D:4      | Noticed Blork the orc
  2896 | D:4      | Killed Blork the orc
  2897 | D:4      | Reached XP level 5. HP: 53/53 MP: 4/4
  3141 | D:5      | Entered Level 5 of the Dungeon
  3191 | D:4      | Reached skill level 5 in Maces & Flails
  3234 | D:5      | Reached XP level 6. HP: 58/62 MP: 5/5
  3318 | D:5      | Noticed an ice beast
  3329 | D:5      | Killed an ice beast
  3400 | D:5      | Found a glowing drain.
  3420 | D:5      | Reached skill level 6 in Maces & Flails
  3433 | Sewer    | Entered a sewer
  3604 | Sewer    | Reached XP level 7. HP: 70/70 MP: 6/6
  4224 | D:5      | Reached skill level 7 in Maces & Flails
  4288 | D:5      | Found a shimmering blue altar of Sif Muna.
  4327 | D:5      | Reached *** piety under Trog
  4541 | D:5      | Reached skill level 5 in Fighting
  4542 | D:5      | Reached XP level 8. HP: 80/80 MP: 7/7
  4726 | D:5      | Reached skill level 8 in Maces & Flails
  4990 | D:6      | Found a staircase to the Ecumenical Temple.
  5023 | D:6      | Found a sand-covered staircase.
  5030 | Ossuary  | Entered an ossuary
  5259 | Ossuary  | Reached **** piety under Trog
  5542 | D:6      | Reached skill level 9 in Maces & Flails
  5562 | D:6      | Found a basalt altar of Yredelemnul.
  5629 | D:6      | Reached XP level 9. HP: 84/89 MP: 6/8
  5796 | D:6      | Found an ancient bone altar of Kikubaaqudgha.
  5838 | D:6      | Found an ornate altar of the Wu Jian Council.
  6368 | D:7      | Identified the amulet of Puloxej {Faith rF- rN+++ Will-
                  | Str+4 Int+3}
  6377 | D:7      | Noticed a troll
  6384 | D:7      | Killed a troll
  6443 | D:7      | Reached skill level 10 in Maces & Flails
  7109 | D:7      | Noticed a deep elf zephyrmancer
  7116 | D:7      | Killed a deep elf zephyrmancer
  7117 | D:7      | Reached skill level 11 in Maces & Flails
  7608 | D:8      | Noticed Joseph
  7619 | D:8      | Reached XP level 10. HP: 100/100 MP: 7/9
  7636 | D:8      | Killed Joseph
  7637 | D:8      | Reached skill level 12 in Maces & Flails
  8276 | D:9      | Reached skill level 13 in Maces & Flails
  8340 | D:9      | Found a radiant altar of Vehumet.
  8366 | D:9      | Noticed Psyche
  8372 | D:9      | Killed Psyche
  8536 | D:9      | Noticed a two-headed ogre
  8554 | D:9      | Killed a two-headed ogre
  8706 | D:9      | Reached skill level 14 in Maces & Flails
  8732 | D:9      | Found Neuckof's Magic Scroll Shoppe.
  8744 | D:9      | Bought a scroll of identify for 22 gold pieces
  8744 | D:9      | Bought a scroll of teleportation for 33 gold pieces
  8744 | D:9      | Bought a scroll of amnesia for 38 gold pieces
  8745 | D:9      | Bought a scroll of blinking for 82 gold pieces
  8745 | D:9      | Bought a scroll of enchant armour for 82 gold pieces
  8745 | D:9      | Bought a scroll of enchant weapon for 82 gold pieces
  8745 | D:9      | Bought 3 scrolls of magic mapping for 115 gold pieces
  8777 | D:9      | Found a stormy altar of Qazlal.
  8777 | D:9      | Found a glowing golden altar of the Shining One.
  9154 | D:9      | Noticed a boulder beetle
  9283 | D:10     | Entered Level 10 of the Dungeon
  9330 | D:10     | Found a flagged portal.
  9339 | Bailey   | Entered a bailey
  9344 | Bailey   | Noticed an orc warlord
  9344 | Bailey   | Found the +4 skin of Zhor {*Englaciate rC+++ SInv}
  9387 | Bailey   | Reached XP level 11. HP: 107/107 MP: 10/10
  9428 | Bailey   | Found a runed translucent gate.
  9449 | Bailey   | Found a runed translucent gate.
  9450 | Bailey   | Found a runed translucent gate.
  9458 | Bailey   | Noticed an orc knight
  9470 | Bailey   | Killed an orc knight
  9594 | Bailey   | Killed an orc warlord
  9634 | Bailey   | Reached skill level 16 in Maces & Flails
  9634 | Bailey   | Reached XP level 12. HP: 115/115 MP: 11/11
  9655 | D:10     | Noticed Urug
  9669 | D:10     | Killed Urug
 10042 | D:10     | Found a sacrificial altar of Ru.
 10042 | D:10     | Noticed a two-headed ogre
 10048 | D:10     | Killed a two-headed ogre
 10230 | D:10     | Noticed Harold
 10231 | D:10     | Paralysed by Harold for 5 turns
 10264 | D:10     | Killed Harold
 10359 | D:11     | Found a gate leading to a gauntlet.
 10381 | Gauntlet | Entered a Gauntlet
 10381 | Gauntlet | Found a transporter.
 10394 | Gauntlet | Found a transporter.
 10405 | Gauntlet | Found a transporter.
 10410 | Gauntlet | Found a transporter.
 10427 | Gauntlet | Found a transporter.
 10443 | Gauntlet | Noticed an entropy weaver
 10445 | Gauntlet | Found a transporter.
 10457 | Gauntlet | Found a transporter.
 10457 | Gauntlet | Noticed a ghost crab
 10469 | Gauntlet | Found a transporter.
 10474 | Gauntlet | Noticed a great orb of eyes
 10481 | Gauntlet | Found a transporter.
 10487 | Gauntlet | Found a transporter.
 10487 | Gauntlet | Found a transporter.
 10500 | Gauntlet | Noticed an emperor scorpion
 10501 | Gauntlet | Noticed a storm dragon
 10501 | Gauntlet | an emperor scorpion changed into a storm dragon
 10502 | Gauntlet | Found a transporter.
 10505 | Gauntlet | Noticed an emperor scorpion
 10505 | Gauntlet | a storm dragon changed into an emperor scorpion
 10510 | Gauntlet | Noticed a radroach
 10510 | Gauntlet | an emperor scorpion changed into a radroach
 10513 | Gauntlet | a radroach changed into a wolf spider
 10514 | Gauntlet | Noticed a bunyip
 10514 | Gauntlet | a wolf spider changed into a bunyip
 10515 | Gauntlet | Noticed an ettin
 10515 | Gauntlet | a bunyip changed into an ettin
 10518 | Gauntlet | Noticed a spark wasp
 10519 | Gauntlet | Found a transporter.
 10520 | Gauntlet | Noticed an anaconda
 10520 | Gauntlet | a spark wasp changed into an anaconda
 10525 | Gauntlet | Noticed a spark wasp
 10525 | Gauntlet | an anaconda changed into a spark wasp
 10526 | Gauntlet | Noticed a ghost moth
 10526 | Gauntlet | a spark wasp changed into a ghost moth
 10528 | Gauntlet | Noticed a minotaur
 10528 | Gauntlet | a ghost moth changed into a minotaur
 10529 | Gauntlet | Noticed a radroach
 10529 | Gauntlet | a minotaur changed into a radroach
 10530 | Gauntlet | Noticed a great orb of eyes
 10530 | Gauntlet | a radroach changed into a great orb of eyes
 10532 | Gauntlet | Noticed a spark wasp
 10532 | Gauntlet | a great orb of eyes changed into a spark wasp
 10533 | Gauntlet | Noticed an ettin
 10533 | Gauntlet | a spark wasp changed into an ettin
 10537 | Gauntlet | Noticed an entropy weaver
 10537 | Gauntlet | an ettin changed into an entropy weaver
 10539 | Gauntlet | Found a transporter.
 10539 | Gauntlet | Found the brooch of Shielding {Spirit SH+8}
 10564 | Gauntlet | Found a transporter.
 10566 | Gauntlet | Found a transporter.
 10586 | Gauntlet | Found a transporter.
 10664 | Gauntlet | Found a transporter.
 10801 | Gauntlet | Reached skill level 17 in Maces & Flails
 10895 | Gauntlet | Identified the amulet "Hoatsac" {+Blink Regen+ Dex+4}
 10940 | Gauntlet | Killed a ghost crab
 10981 | Gauntlet | Identified the +1 hat of Grot {rPois}
 11019 | Gauntlet | Identified the +2 flail of Wondrous Power {drain, rF+ Will+
                  | rCorr MP+9 Str-4}
 11019 | Gauntlet | Noticed a minotaur
 11049 | Gauntlet | Killed a minotaur
 11136 | Gauntlet | Identified the +1 kite shield of Too Many Cooks {Str-5
                  | Dex+5}
 11315 | D:11     | Noticed a four-headed hydra
 11435 | D:10     | Noticed a two-headed ogre
 11449 | D:10     | Killed a two-headed ogre
 11676 | D:11     | Noticed Amaemon
 11706 | D:11     | Killed Amaemon
 11707 | D:11     | Reached skill level 18 in Maces & Flails
 11863 | D:11     | Noticed a two-headed ogre
 11881 | D:11     | Killed a two-headed ogre
 12068 | D:11     | Found a staircase to the Lair.
 12255 | D:11     | Found a hazy altar of Hepliaklqana.
 12277 | D:11     | Killed a four-headed hydra
 12278 | D:11     | Reached XP level 13. HP: 123/123 MP: 12/12
 12299 | D:11     | Found Apaxeojit's Weapon Shoppe.
 12299 | D:11     | Found a staircase to the Orcish Mines.
 12299 | D:11     | Found Sifropp's Armour Shoppe.
 12438 | D:12     | Noticed an apis
 12459 | D:12     | Killed an apis
 12537 | D:12     | Noticed an apis
 12537 | D:12     | Noticed an apis
 12538 | D:12     | Found a white marble altar of Elyvilon.
 12538 | D:12     | Noticed an apis
 12564 | D:11     | Killed an apis
 12687 | Lair:1   | Entered Level 1 of the Lair of Beasts
 13394 | Lair:2   | Reached skill level 19 in Maces & Flails
 13859 | Lair:2   | Found a staircase to the Swamp.
 14679 | Lair:3   | Found a frozen archway.
 14691 | Lair:3   | Reached skill level 20 in Maces & Flails
 14703 | IceCv    | Entered an ice cave
 15214 | IceCv    | Reached ***** piety under Trog
 15496 | IceCv    | Noticed a reaper
 15516 | IceCv    | Killed a reaper
 15522 | IceCv    | Identified the +8 giant spiked club "Gucen" {vorpal, rPois}
                  | (Trog gifted it to you in an ice cave)
 15522 | IceCv    | Received a gift from Trog
 15587 | IceCv    | Identified the +2 cloak of Okawaru's Inspiration {Rampage
                  | rC+++ MP+9 Str-5}
 15596 | IceCv    | Identified the +1 chain mail of the Skies Above {rElec
                  | rC+++ Int-3 Slay+4}
 16960 | Lair:4   | Found a hole to the Spider Nest.
 17171 | Lair:4   | Reached XP level 14. HP: 115/131 MP: 13/13
 17507 | Lair:4   | Identified the +1 robe of Decompression {+Inv rN+}
 17721 | Lair:5   | Reached skill level 21 in Maces & Flails
 17892 | Lair:5   | Found a staircase to the Slime Pits.
 18775 | Lair:5   | Identified the +6 flail of the Known World {holy, Contam
                  | *Noise Str+9 Int+2}
 18915 | Lair:6   | Entered Level 6 of the Lair of Beasts
 19177 | Lair:6   | Reached skill level 22 in Maces & Flails
 19558 | Lair:6   | Received a gift from Trog
 20649 | Orc:1    | Entered Level 1 of the Orcish Mines
 20770 | Orc:2    | Entered Level 2 of the Orcish Mines
 20961 | Orc:1    | Found a shimmering blue altar of Sif Muna.
 21102 | Orc:1    | Noticed Josephine
 21106 | Orc:1    | Reached XP level 15. HP: 139/139 MP: 14/14
 21107 | Orc:1    | Killed Josephine
 21299 | Orc:2    | Found Gacarusi's Distillery.
 21405 | Orc:2    | Identified the +2 giant spiked club of Dividends {vorpal,
                  | Will+ rCorr Str+2} (Trog gifted it to you on level 2 of the
                  | Orcish Mines)
 21405 | Orc:2    | Received a gift from Trog
 21412 | Orc:2    | Reached skill level 23 in Maces & Flails
 21430 | Orc:2    | Found Labbythitei's CLEARANCE SALE!.
 21438 | Orc:2    | Bought a potion of haste for 60 gold pieces
 21438 | Orc:2    | Bought a scroll of fear for 21 gold pieces
 21438 | Orc:2    | Bought a scroll of blinking for 45 gold pieces
 21482 | Orc:2    | Reached ****** piety under Trog
 21524 | Orc:2    | Found Posm's Jewellery Shop.
 21529 | Orc:2    | Found a staircase to the Elven Halls.
 21691 | Orc:2    | Found Ubuss's Assorted Antiques.
 21749 | Orc:2    | Bought a scroll of fog for 56 gold pieces
 21749 | Orc:2    | Bought a scroll of teleportation for 84 gold pieces
 21749 | Orc:2    | Bought a scroll of identify for 56 gold pieces
 21749 | Orc:2    | Bought a scroll of identify for 56 gold pieces
 21749 | Orc:2    | Bought a potion of mutation for 224 gold pieces
 21791 | Orc:2    | Noticed Saint Roka
 22266 | Orc:2    | Found Asirurch's Antique Weapon Shoppe.
 22339 | Orc:2    | Killed Saint Roka
 22503 | Orc:2    | Found Kimpos's Antique Armour Emporium.
 22570 | Orc:2    | Bought a potion of curing for 48 gold pieces
 22570 | Orc:2    | Bought a potion of curing for 48 gold pieces
 22570 | Orc:2    | Bought a potion of lignification for 48 gold pieces
 22570 | Orc:2    | Bought a potion of heal wounds for 80 gold pieces
 22570 | Orc:2    | Bought a potion of cancellation for 128 gold pieces
 22570 | Orc:2    | Bought a potion of mutation for 128 gold pieces
 22570 | Orc:2    | Bought 2 potions of flight for 96 gold pieces
 22570 | Orc:2    | Bought a potion of flight for 48 gold pieces
 23251 | D:12     | Found Fucy's Jewellery Emporium.
 23716 | D:12     | Identified the +5 dire flail of Paper {antimagic, *Rage
                  | Str+6 Int+3}
 24340 | D:13     | Found Erygh's Magic Scroll Emporium.
 24561 | D:13     | Found a gate to the Vaults.
 24745 | D:14     | Reached skill level 24 in Maces & Flails
 25413 | D:14     | Received a gift from Trog
 25811 | D:14     | Reached XP level 16. HP: 154/154 MP: 15/15
 25882 | D:15     | Entered Level 15 of the Dungeon
 25882 | D:15     | Found a white marble altar of Elyvilon.
 25990 | D:15     | Reached skill level 1 in Armour
 26071 | D:15     | Found a one-way gate to the infinite horrors of the Abyss.
 26071 | D:15     | Noticed Omyecom's ghost (journeyman DsFi)
 26075 | D:15     | Found a transporter.
 26075 | D:15     | Noticed a tentacled starspawn
 26083 | D:15     | Found a transporter.
 26366 | D:15     | Noticed a profane servitor
 26447 | D:15     | Found a staircase to the Depths.
 27339 | Swamp:1  | Entered Level 1 of the Swamp
 27621 | Swamp:1  | Received a gift from Trog
 28077 | Swamp:2  | Reached skill level 5 in Dodging
 28192 | Swamp:2  | Reached skill level 10 in Fighting
 28534 | Swamp:2  | Noticed Louise
 28550 | Swamp:2  | Killed Louise
 28551 | Swamp:2  | Reached skill level 5 in Armour
 29232 | Swamp:3  | Noticed Mlioglotl
 29237 | Swamp:3  | Killed Mlioglotl
 29443 | Swamp:4  | Entered Level 4 of the Swamp
 29467 | Swamp:4  | Received a gift from Trog
 29611 | Swamp:4  | Reached XP level 17. HP: 167/167 MP: 16/16
 29947 | Swamp:4  | Noticed a tentacled monstrosity
 29953 | Swamp:4  | Killed a tentacled monstrosity
 30094 | Swamp:4  | Noticed the 27-headed Lernaean hydra
 30282 | Swamp:4  | Killed the 27-headed Lernaean hydra
 30482 | Swamp:4  | Got a decaying rune of Zot
 30848 | Spider:1 | Entered Level 1 of the Spider Nest
 32334 | Spider:2 | Received a gift from Trog
 32590 | Spider:2 | Found a runed translucent door.
 32597 | Spider:2 | Noticed aIck's ghost (adept HuAr)
 33074 | Spider:2 | Killed aIck's ghost
 33416 | Spider:3 | Noticed Jorgrun
 33429 | Spider:3 | Killed Jorgrun
 34646 | Spider:3 | Identified the +7 bardiche of the Reasonable God {drain,
                  | rElec rCorr Int-4}
 34795 | Spider:4 | Entered Level 4 of the Spider Nest
 34876 | Spider:4 | Received a gift from Trog
 34896 | Spider:4 | Reached XP level 18. HP: 139/182 MP: 17/17
 35935 | Spider:4 | Lost intelligence.
 35972 | Spider:4 | Lost intelligence.
 36423 | Spider:4 | Got a gossamer rune of Zot
 36864 | Elf:1    | Entered Level 1 of the Elven Halls
 37157 | Elf:1    | Paralysed by an air elemental for 1 turns
 37432 | Elf:1    | Reached skill level 10 in Dodging
 37535 | Elf:1    | Paralysed by an air elemental for 1 turns
 37540 | Elf:1    | Paralysed by an air elemental for 1 turns
 38213 | Elf:2    | Identified the +1 giant spiked club "Siashele" {flame, rC-
                  | Str+4} (Trog gifted it to you on level 2 of the Elven
                  | Halls)
 38213 | Elf:2    | Received a gift from Trog
 38346 | Elf:2    | Reached skill level 10 in Armour
 38407 | Elf:2    | Found a runed translucent gate.
 38408 | Elf:2    | Found a runed translucent gate.
 38408 | Elf:2    | Found a runed translucent gate.
 38484 | Elf:2    | Paralysed by an air elemental for 1 turns
 39246 | Elf:2    | Reached XP level 19. HP: 185/185 MP: 18/18
 39301 | Elf:2    | Noticed Asterion
 39310 | Elf:2    | Killed Asterion
 39631 | Elf:3    | Entered Level 3 of the Elven Halls
 39778 | Elf:3    | Received a gift from Trog
 40083 | Elf:3    | Found Zucom's Overcharged Wands.
 40216 | Elf:3    | Paralysed by an air elemental for 1 turns
 40222 | Elf:3    | Paralysed by an air elemental for 1 turns
 40571 | Elf:3    | Paralysed by an air elemental for 1 turns
 40895 | Elf:2    | Noticed a Tzitzimitl
 41305 | Elf:3    | Identified the +6 war axe "Piavoori" {drain, Str+2 Stlth+}
 41369 | Elf:3    | Identified the +9 plate armour "Yzeegidu" {rN+}
 41388 | Elf:3    | Paralysed by an air elemental for 1 turns
 41398 | Elf:3    | Noticed a Brimstone Fiend
 41402 | Elf:3    | Identified the +0 ring mail of Midwinter {Rampage}
 41868 | Elf:3    | Identified the +7 long sword of False Accusations {flame,
                  | SInv}
 42021 | Elf:3    | Identified the +1 pair of boots "Jecadem" {rC+ rCorr}
 42030 | Elf:3    | Identified the +1 robe of the Equinox {Str+2 Int+5}
 42615 | D:13     | Bought 3 scrolls of acquirement for 2340 gold pieces
 42615 | D:13     | Bought a scroll of vulnerability for 112 gold pieces
 42615 | D:13     | Bought a scroll of blinking for 112 gold pieces
 42615 | D:13     | Bought a scroll of teleportation for 45 gold pieces
 42615 | D:13     | Bought a scroll of teleportation for 45 gold pieces
 42615 | D:13     | Bought a scroll of teleportation for 45 gold pieces
 42615 | D:13     | Bought a scroll of teleportation for 45 gold pieces
 42617 | D:13     | Acquired the +2 cloak "Qunion" {rF+ rCorr Int+4}
 42619 | D:13     | Acquired the ring "Janoicus" {rElec rPois rC+ rCorr}
 42621 | D:13     | Acquired a manual of Stealth
 42701 | Vaults:1 | Entered Level 1 of the Vaults
 42720 | Vaults:1 | You fall into a shaft and drop 1 floor!
 42748 | Vaults:2 | Reached skill level 1 in Evocations
 43062 | Vaults:2 | Found a staircase to the Crypt.
 43318 | Vaults:1 | Reached XP level 20. HP: 157/209 MP: 14/19
 43370 | Vaults:1 | Reached skill level 15 in Fighting
 43501 | Vaults:1 | Got the Papyrus of Weightlessness
 44163 | Vaults:1 | Noticed Aizul
 44175 | Vaults:1 | Killed Aizul
 44176 | Vaults:1 | Reached skill level 5 in Evocations
 44630 | Vaults:1 | Identified the +5 giant spiked club of a bailey {flame,
                  | rElec rCorr Str-5 Dex-2} (Trog gifted it to you on level 1
                  | of the Vaults)
 44630 | Vaults:1 | Received a gift from Trog
 46071 | Crypt:1  | Entered Level 1 of the Crypt
 46141 | Vaults:3 | Identified the +3 chain mail of Maeb {rF+}
 46775 | Vaults:3 | Reached XP level 21. HP: 223/223 MP: 17/20
 47069 | Vaults:3 | Received a gift from Trog
 47076 | Vaults:3 | Found Bodionuw's Book Shoppe.
 47512 | Vaults:3 | Identified the amulet "Hafob" {Reflect rF+ rC+ Str-2 SH+5}
 48008 | Vaults:4 | Identified the +0 leather armour of the Midnight Sun {rF+
                  | Str+6}
 49135 | Vaults:5 | Entered Level 5 of the Vaults
 49135 | Vaults:5 | Noticed a dread lich
 49148 | Vaults:4 | Killed a dread lich
 49245 | Vaults:5 | Reached skill level 10 in Evocations
 49686 | Vaults:4 | Received a gift from Trog
 50077 | Vaults:5 | Reached XP level 22. HP: 99/235 MP: 10/21
 50111 | Vaults:5 | Upgraded the game from 0.29-a0-659-g28b9d68c38 to
                  | 0.29-a0-666-g26d293caef
 50188 | Vaults:5 | Noticed a dread lich
 50202 | Vaults:5 | Killed a dread lich
 50678 | Vaults:5 | Identified the +5 flail "Linlaol" {vorpal, Will+ SInv}
 50897 | Vaults:5 | Identified the +2 giant club of the Doomed Warrior {flame,
                  | rN+ Str+3} (Trog gifted it to you on level 5 of the Vaults)
 50897 | Vaults:5 | Received a gift from Trog
 50898 | Vaults:5 | Identified the +11 fustibalus "Iniuh" {venom, Dex+4}
 50938 | Vaults:5 | Noticed a golden dragon
 50944 | Vaults:5 | Killed a golden dragon
 50975 | Vaults:5 | Identified the +9 hand axe "Kedaegen" {drain, Dex+3}
 51152 | Vaults:5 | Got a silver rune of Zot
 51485 | Vaults:5 | Reached skill level 1 in Stealth
 51734 | Vaults:5 | Got Atecicea's Handbook of Conjuration
 52253 | Crypt:1  | Received a gift from Trog
 52300 | Crypt:1  | Noticed Jory
 52301 | Crypt:1  | Noticed Margery
 52695 | Crypt:1  | Killed Margery
 52833 | Crypt:1  | Noticed Xtahua
 52853 | Crypt:1  | Killed Xtahua
 53024 | Crypt:1  | Killed Jory
 53207 | Crypt:2  | Reached skill level 5 in Stealth
 53379 | Crypt:2  | Reached XP level 23. HP: 248/248 MP: 22/22
 53496 | Crypt:2  | Noticed Khufu
 53498 | Crypt:2  | Noticed a royal mummy
 53523 | Crypt:2  | Noticed a royal mummy
 53524 | Crypt:2  | Noticed a royal mummy
 53529 | Crypt:2  | Killed a royal mummy
 53533 | Crypt:2  | Killed a royal mummy
 54096 | Slime:1  | Entered Level 1 of the Pits of Slime
 56578 | Slime:5  | Entered Level 5 of the Pits of Slime
 57125 | Slime:5  | Gained mutation: You are weak. (Str -2) [a shining eye]
 57172 | Slime:5  | Lost mutation: You are weak. (Str -2) [potion of mutation]
 57172 | Slime:5  | Gained mutation: You have supernaturally acute eyesight.
                  | (SInv) [potion of mutation]
 57172 | Slime:5  | Gained mutation: You are weak. (Str -2) [potion of
                  | mutation]
 57172 | Slime:5  | Gained mutation: You have sharp toenails. [potion of
                  | mutation]
 57173 | Slime:5  | Lost mutation: You are weak. (Str -2) [potion of mutation]
 57173 | Slime:5  | Lost mutation: You have sharp toenails. [potion of
                  | mutation]
 57173 | Slime:5  | Lost mutation: You have supernaturally acute eyesight.
                  | (SInv) [potion of mutation]
 57173 | Slime:5  | Gained mutation: You passively dampen the noise of your
                  | surroundings. [potion of mutation]
 57173 | Slime:5  | Gained mutation: You are somewhat resistant to further
                  | mutation. [potion of mutation]
 57186 | Slime:5  | Found a viscous altar of Jiyva.
 57338 | Slime:5  | Noticed the Royal Jelly
 57375 | Slime:5  | Killed the Royal Jelly
 57669 | Slime:5  | Identified the ring of Eppilibbigapt {Ice Contam rElec
                  | Str+6 Int+3}
 57712 | Slime:5  | Got a slimy rune of Zot
 57718 | Slime:5  | Identified the ring "Poraeg" {rF- rCorr AC+4 Dex+4}
 58373 | Depths:1 | Entered Level 1 of the Depths
 58644 | Depths:1 | Found a gateway to Hell.
 58930 | Depths:1 | Found a blossoming altar of Fedhas.
 58999 | Depths:1 | Found a sacrificial altar of Ru.
 59211 | Depths:1 | Reached XP level 24. HP: 267/267 MP: 22/22
 59266 | Depths:1 | Found a one-way gateway to a ziggurat.
 59673 | Depths:2 | Found an ancient bone altar of Kikubaaqudgha.
 59673 | Depths:2 | Found a basalt altar of Yredelemnul.
 59734 | Depths:2 | Got Qesur's Handbook of Translocation
 59735 | Depths:2 | Found a shimmering altar of Xom.
 59735 | Depths:2 | Found a shadowy altar of Dithmenos.
 60334 | Depths:2 | Found a one-way gate leading to the halls of Pandemonium.
 60449 | Depths:2 | Received a gift from Trog
 60981 | Hell     | Entered the Vestibule of Hell
 60981 | Hell     | Noticed Geryon
 61068 | Depths:3 | Lost intelligence.
 61158 | Depths:3 | Found a flickering gateway to a bazaar.
 61197 | Bazaar   | Entered a bazaar
 61245 | Bazaar   | Found Zeofism's Jewellery Shop.
 61265 | Bazaar   | Found Caxkuti's Book Shop.
 61402 | Depths:3 | Found Suamp's Book Shop.
 61402 | Depths:3 | Found Jesedeos's Jewellery Emporium.
 61403 | Depths:3 | Found Jacu's Book Shop.
 62303 | Depths:3 | Identified the +3 giant spiked club "Zumoe" {vorpal, *Rage
                  | rF- rC+ Str+7} (Trog gifted it to you on level 3 of the
                  | Depths)
 62303 | Depths:3 | Received a gift from Trog
 62841 | Depths:4 | Entered Level 4 of the Depths
 62910 | Depths:4 | Found a broken altar of Ashenzari.
 63059 | Depths:4 | Noticed a juggernaut
 63066 | Depths:4 | Killed a juggernaut
 63564 | Depths:4 | Reached XP level 25. HP: 278/280 MP: 22/22
 64530 | Depths:4 | Found a gate to the Realm of Zot.
 64717 | Depths:4 | Upgraded the game from 0.29-a0-666-g26d293caef to
                  | 0.29-a0-819-g94b489e0ae
 64717 | Depths:4 | Upgraded the game from 0.29-a0-819-g94b489e0ae to
                  | 0.29-a0-872-g797fff5ad1
 64815 | Zot:1    | Entered Level 1 of the Realm of Zot
 65642 | Zot:1    | Identified the +7 giant spiked club of the Vanishing Hosts
                  | {vorpal, Fly rElec MP-9} (Trog gifted it to you on level 1
                  | of the Realm of Zot)
 65642 | Zot:1    | Received a gift from Trog
 66988 | Zot:2    | Reached skill level 15 in Dodging
 67530 | Zot:3    | Reached skill level 15 in Armour
 68278 | Zot:3    | Identified the +6 glaive "Hydra's Regret" {venom, *Noise
                  | rN+ Int+6}
 69040 | Zot:4    | Reached XP level 26. HP: 273/293 MP: 21/22
 70421 | Zot:5    | Entered Level 5 of the Realm of Zot
 71129 | Zot:5    | Noticed a dread lich
 71160 | Zot:5    | Killed a dread lich
 71435 | Zot:5    | Noticed an ancient lich
 71453 | Zot:5    | Killed an ancient lich
 71548 | Zot:5    | Noticed a dread lich
 71557 | Zot:5    | Killed a dread lich
 71575 | Zot:5    | Noticed a dread lich
 71577 | Zot:5    | Noticed an orb of fire
 71601 | Zot:5    | Noticed an orb of fire
 71602 | Zot:5    | HP: 14/297 [orb of fire/fireball (41)]
 71603 | Zot:5    | Gained mutation: You have large cloven feet. [an orb of
                  | fire]
 71915 | Zot:5    | Noticed an ancient lich
 71935 | Zot:5    | Killed an ancient lich
 71956 | Zot:5    | Lost intelligence.
 71958 | Zot:5    | HP: 12/297 [Killer Klown/klown pie (16)]
 71960 | Zot:5    | HP: 1/297 [Killer Klown/klown pie (22)]
 71961 | Zot:5    | Killed from afar by a Killer Klown

Illustrated notes

Levels and vault maps discovered:
D:1:      lemuel_arrival_lava_pool, layout_loops_ring, lemuel_flame_loot_1
D:2:      layout_basic, basic_altar
D:3:      layout_basic, kennysheep_generic_room_2
D:4:      layout_loops_ring, mainiacjoe_overflow_small_starburst,
          roderic_serpentine_path, uniq_blork_the_orc
D:5:      lemuel_castle_with_subvaults [lemuel_castle_interior_carwin_2],
          layout_gridville, lemuel_tele_altar, portal_sewer_entry_f
D:6:      layout_basic, mainiacjoe_overflow_cross_hatched,
          mainiacjoe_overflow_paths, nicolae_yredelemnul_corpse_copse,
          temple_fountains, enter_ossuary_4
D:7:      layout_basic, guppyfry_early_elven_hall
D:8:      layout_cave_pods, uniq_joseph
D:9:      layout_long_grid, vehumet_statue, gammafunk_temple_overflow_elements,
          serial_shops, shop, kennysheep_island_fort, uniq_psyche
D:10:     layout_gridville, mainiacjoe_overflow_surrounded_room, enter_bailey_6,
          uniq_harold, uniq_urug
D:11:     layout_irregular_city, erik_lair_dragon, orc_david_3,
          gauntlet_entry_generic, serial_column_ruins,
          column_ruins_circle_medium, column_ruins_square_large,
          column_ruins_grid_1, column_ruins_grid_1,
          column_ruins_open_small_water, column_ruins_columns_corner,
          column_ruins_corridor_corner, column_ruins_columns_corner,
          column_ruins_open_small, nicolae_hepliaklqana_monster_ancestors,
          uniq_amaemon
D:12:     dreamdust_under_siege, layout_grid_maze, serial_shops, shop,
          small_statue_alley_a
D:13:     layout_rooms, david_vaults_5, serial_shops, shop, minmay_crystal_room
D:14:     wad_lake_hut, layout_gridville, minivault_19
D:15:     hangedman_depths_entry_civil_slaughter, layout_basic,
          elyvilon_altar_4, gammafunk_ghost_abyssal_escape
Lair:1:   layout_long_grid, infiniplex_staircase_pool, grunt_megastairs_2
Lair:2:   nzn_winding_woodlands_stair_trap
          [nzn_winding_woodlands_5x15_lazy_stream,
          nzn_winding_woodlands_5x15_longhouse,
          nzn_winding_woodlands_5x15_jagged,
          nzn_winding_woodlands_15x15_boxy_spiral,
          nzn_winding_woodlands_5x15_concentric,
          nzn_winding_woodlands_5x15_parted,
          nzn_winding_woodlands_5x15_river_crossing], layout_long_grid,
          minmay_swamp_entry_wisps, nicolae_quartered_pool_super,
          infiniplex_staircase_pool_2
Lair:3:   layout_cave_pods, portal_ice_cave_demonic_guard,
          grunt_forest_large_clearing_hut
Lair:4:   layout_small_grid, dummy_spider_entry, beast_lair_carwin_10
Lair:5:   layout_hall_layers, minmay_slime_entry_oklob_open,
          kennysheep_abandoned_house
Lair:6:   minmay_lair_end_enchanted_forest, layout_loops_ring
Swamp:1:  layout_basic_swamp, serial_swamp_ruin, evilmike_swamp_ruin_rubble_1,
          evilmike_swamp_ruin_rubble_2, evilmike_swamp_ruin_house_5
Swamp:2:  layout_basic_swamp, hangedman_swamp_blocks, swamp_pool5,
          st_swamp_ruins_2, uniq_louise
Swamp:3:  layout_falls_marsh, nicolae_swamp_dense_foliage, swamp_pool1,
          uniq_mlioglotl
Swamp:4:  swamp_old_school, layout_basic_swamp
Spider:1: layout_spider_delve
Spider:2: nicolae_spider_hilbert_zone_5 [nicolae_spider_hilbert_3_sides_1_open,
          nicolae_spider_hilbert_4_sides_1_open,
          nicolae_spider_hilbert_4_sides_1_open,
          nicolae_spider_hilbert_6_sides_1_open,
          nicolae_spider_hilbert_6_sides_1_open], ebering_ghost_reflecting_pool
Spider:3: layout_chambers, nicolae_spider_bzzzt, uniq_jorgrun
Spider:4: spider_rune_water
Slime:1:  layout_caves
Slime:2:  layout_caves
Slime:3:  layout_caves, special_room [special_room_jelly]
Slime:4:  layout_caves
Slime:5
Orc:1:    layout_diamond_mine, led_sif_book, uniq_josephine
Orc:2:    grunt_orc_community_town_hall, layout_diamond_mine,
          grunt_orc_community_big_house_1, grunt_orc_community_big_house_2,
          grunt_orc_community_house_3, grunt_orc_community_house_1,
          grunt_orc_community_house_2, grunt_orc_community_house_2,
          grunt_orc_community_house_1, grunt_orc_community_house_2,
          serial_shops, shop, nicolae_shop_clearance
Elf:1:    nicolae_elf_arrival_fired_up, layout_loops_cross,
          kennysheep_underground_church, minivault_8
Elf:2:    nicolae_elf_blades_crystal_corner, layout_geoelf_octagon, st_stairs_2,
          uniq_asterion
Elf:3:    nooodl_elf_gasket, layout_loops_cross, nicolae_shop_overcharged_wands
Vaults:1: vaults_room_grunt_arrival_checkpoint, nicolae_vaults_disjoint_gnomons,
          nicolae_vaults_mini_display_case, nicolae_vaults_stairing_the_circle,
          nicolae_vaults_three_branches, nicolae_vaults_network_quincunx
          [nicolae_vaults_network_quincunx_subvault,
          nicolae_vaults_network_quincunx_subvault,
          nicolae_vaults_network_quincunx_subvault,
          nicolae_vaults_network_quincunx_subvault,
          nicolae_vaults_network_quincunx_subvault], st_diamondy,
          hangedman_vaults_impose, nicolae_vaults_angled_halls,
          grunt_vaults_focal, layout_vaults_big_cross, uniq_aizul
Vaults:2: serial_ice_m, v_misc_18, vaults_room_guarded_vault,
          hangedman_vaults_restitches, nicolae_vaults_diagonal_hallway_8,
          minmay_crypt_entry_vampire_xt, hangedman_vaults_nodes,
          grunt_vaults_twisty, vaults_dpeg_encased_lava, vaults_room_semicircle,
          nicolae_vaults_alarming, ontoclasm_vaults_chip,
          ontoclasm_vaults_pinch, vaults_dpeg_hooks, layout_vaults_ring
Vaults:3: vaults_room_fancy_cross, v_pattern_4, nicolae_vaults_yaktaur_gun_rack,
          v_alt_pattern_2, nicolae_vaults_c_with_doors,
          vaults_standard_mumra_lines, ontoclasm_vaults_shuriken,
          nicolae_vaults_network_star, hangedman_vaults_variations,
          layout_vaults_big_room, serial_shops, nicolae_shop_behind_doors
Vaults:4: ontoclasm_vaults_twist, ontoclasm_vaults_spin,
          hangedman_vaults_restitches, v_alt_pattern_2,
          nicolae_vaults_rhombus_7, nicolae_vaults_shelves_hall, v_misc_32,
          layout_vaults_omnigrid
Vaults:5: serial_shops
Crypt:1:  layout_rooms, roderic_lattice_octagonal_star,
          grunt_crypt_arrival_split, uniq_jory, uniq_margery, uniq_xtahua
Crypt:2:  layout_gridlike, grunt_megastairs_1, uniq_khufu
Depths:1: layout_gridlike, enter_ziggurat_f, hell_entry, lemuel_crystal_altar,
          hangedman_decor_riveting, skrybe_limestone_x, minmay_misc_feat_tower,
          fedhas_altar_4
Depths:2: minmay_the_grid_octo_tiled_squarecenter_mashed
          [minmay_the_grid_octo_fan_narrow, minmay_the_grid_octo_shrine,
          minmay_the_grid_octo_chip, minmay_the_grid_octo_thin_diamonds,
          minmay_the_grid_square_5x5_megaprize_diamond,
          minmay_the_grid_square_5x5_c, minmay_the_grid_square_5x5_three_small,
          minmay_the_grid_square_5x5_comb, minmay_the_grid_square_5x5_bite],
          layout_cave_shapes, grunt_hell_entry_dis_old, rand_demon_pan_entry_5,
          serial_bayou_ford_a, uniq_saint_roka
Depths:3: minmay_inside_and_out, layout_gridlike, chequers_serial_rivers_room_a,
          pf_vacation_house_of_asmodeus, serial_shops, bzr_entry_water,
          rand_demon_pan_entry_1, abyss_entry_small_statue_room,
          minmay_shop_grove
Depths:4: grunt_bruiser_brothers, layout_gridlike, grunt_mini_vestibule,
          rand_demon_pan_entry_4, evilmike_ruin_ashenzari
Hell
Zot:1:    lemuel_firehouse, layout_concentric_octagons,
          st_single_dragon_hoard_2, nicolae_lava_and_water
Zot:2:    gammafunk_its_a_trap, layout_basic
Zot:3:    layout_onion, grunt_megastairs_3
Zot:4:    layout_gridlike
Zot:5:    layout_onion

Skill      XL: |  1  2  3  4  5  6  7  8  9 10 11 12 13 14 15 16 17 18 19 20 21 22 23 24 25 26 |
---------------+-------------------------------------------------------------------------------+-----
Maces & Flails | 3 4 5 6 7 9 11 14 16 18 20 22 24 | 24.1
Fighting       | 3 4 5 6 8 10 12 13 14 16 18 19 20 21 22 23 | 23.4
Armour         | 5 8 10 11 12 13 15 16 | 16.6
Dodging        | 6 8 10 12 14 15 16 | 16.7
Evocations     | 2 7 10 12 | 12.1
Stealth        | 5 9 |  9.2

Action                   |  1- 3 |  4- 6 |  7- 9 | 10-12 | 13-15 | 16-18 | 19-21 | 22-24 | 25-27 || total
-------------------------+-------+-------+-------+-------+-------+-------+-------+-------+-------++-------
Melee: Mace              |    89 |   186 |       |       |       |       |       |       |       ||   275
       Punch             |     1 |       |     9 |     2 |    14 |       |       |       |       ||    26
       Flail             |       |    46 |   491 |   441 |  1343 |       |       |       |       ||  2321
       Giant club        |       |       |       |    43 |       |       |       |       |       ||    43
       Giant spiked club |       |       |       |       |   646 |  1572 |  1491 |  1683 |  1099 ||  6491
       Kick              |       |       |       |       |       |       |       |       |    21 ||    21
Throw: Throwing net      |       |       |       |     3 |     1 |       |     2 |       |       ||     6
       Large rock        |       |       |       |       |       |       |       |    23 |     1 ||    24
Invok: Berserk           |     2 |     7 |     8 |    19 |    18 |    14 |    29 |    33 |    12 ||   142
       Trog's Hand       |       |     5 |     6 |    10 |    10 |    16 |    31 |    29 |    22 ||   129
       Brothers in Arms  |       |       |       |     3 |     1 |     5 |     5 |    12 |     3 ||    29
Evoke: Wand              |       |       |       |     1 |     5 |       |     2 |     5 |    10 ||    23
       Lightning rod     |       |       |       |       |       |       |     4 |     1 |     7 ||    12
       Condenser vane    |       |       |       |       |       |       |     2 |     5 |     3 ||    10
       Box of beasts     |       |       |       |       |       |       |       |     1 |     1 ||     2
       Phial of floods   |       |       |       |       |       |       |       |       |     1 ||     1
  Use: Scroll            |       |     4 |     9 |     3 |    12 |    16 |    23 |    22 |    27 ||   116
       Potion            |       |       |       |     1 |     1 |    11 |     8 |    17 |    17 ||    55
 Stab: Sleeping          |       |     1 |       |       |     7 |    12 |       |     6 |     2 ||    28
       Held in net/web   |       |       |       |     2 |       |       |     1 |       |       ||     3
       Distracted        |       |       |       |       |     3 |       |       |     1 |     2 ||     6
       Paralysed         |       |       |       |       |     1 |       |       |     2 |       ||     3
Armor: Animal skin       |    33 |    23 |       |    69 |   215 |       |       |       |       ||   340
       Robe              |       |    68 |   192 |    25 |       |       |       |       |       ||   285
       Steam dragon scal |       |       |       |    47 |       |       |       |       |       ||    47
       Shadow dragon sca |       |       |       |       |   942 |  1084 |       |       |       ||  2026
       Pearl dragon scal |       |       |       |       |       |   155 |   912 |   957 |   873 ||  2897
Dodge: Dodged            |    49 |   114 |   300 |   171 |   696 |   852 |   971 |   786 |   583 ||  4522
Block: Other             |     4 |    64 |    57 |       |       |       |       |       |       ||   125

Table legend: (Time is in decaauts)
 A = Elapsed time spent in this place.
 B = Non-inter-level travel time spent in this place.
 C = Inter-level travel time spent in this place.
 D = Time resting spent in this place.
 E = Time spent auto-exploring this place.
 F = Levels seen in this place.
 G = Mean time per level.
                   A        B        C        D        E       F      G
               +--------+--------+--------+--------+--------+-----+--------+
         Total |  71419 |  67367 |   4052 |  11970 |  38854 |  62 | 1151.9 |
       Dungeon |  16043 |  14649 |   1394 |   1010 |  10560 |  15 | 1069.5 |
          Lair |   7035 |   6252 |    783 |    448 |   4453 |   6 | 1172.5 |
         Swamp |   3603 |   3429 |    174 |    143 |   2593 |   4 |  900.8 |
   Spider Nest |   5748 |   5447 |    301 |    878 |   3465 |   4 | 1437.0 |
    Slime Pits |   3921 |   3721 |    200 |   1313 |   1445 |   5 |  784.2 |
  Orcish Mines |   2135 |   1904 |    231 |    232 |   1157 |   2 | 1067.5 |
   Elven Halls |   5412 |   5165 |    247 |   1654 |   2166 |   3 | 1804.0 |
        Vaults |   9410 |   9026 |    384 |   2092 |   4451 |   5 | 1882.0 |
         Crypt |   1513 |   1478 |     35 |    473 |    429 |   2 |  756.5 |
        Depths |   6241 |   6037 |    204 |   1029 |   3600 |   4 | 1560.2 |
          Hell |      1 |      1 |      0 |      0 |      0 |   1 |    1.0 |
           Zot |   6945 |   6852 |     93 |   2194 |   2880 |   5 | 1389.0 |
        Bazaar |     90 |     90 |      0 |      0 |     72 |   1 |   90.0 |
         Sewer |    691 |    691 |      0 |     22 |    510 |   1 |  691.0 |
       Ossuary |    385 |    385 |      0 |      0 |    172 |   1 |  385.0 |
        Bailey |    321 |    321 |      0 |     76 |     65 |   1 |  321.0 |
      Ice Cave |   1135 |   1135 |      0 |    302 |    530 |   1 | 1135.0 |
      Gauntlet |    784 |    784 |      0 |     97 |    301 |   1 |  784.0 |
               +--------+--------+--------+--------+--------+-----+--------+

Top non-repeatable levels by time:
   Elf:2: 2354 daAuts
Vaults:4: 2234 daAuts
Vaults:5: 2057 daAuts
Depths:4: 1924 daAuts
   Zot:4: 1924 daAuts
Vaults:1: 1919 daAuts
   Zot:1: 1835 daAuts
   Elf:3: 1796 daAuts
   Orc:2: 1714 daAuts
Depths:3: 1702 daAuts
Spider:4: 1675 daAuts
    D:11: 1674 daAuts
Vaults:3: 1654 daAuts
Spider:3: 1629 daAuts
Depths:2: 1606 daAuts
